Map: NeoHumanity LE

Players

grillbottom - Winner!

  • Race: Terran Terran
  • League: Platinum
  • Spawn Location: 5:00

VOD

Have the link to the VOD?

Description

The ultimate defence

Time

  • Played on: May 3, 2023, 9:49 a.m.
  • Length: 35:35
Show
View Real Time Build Order
Export as new Build Order

grillbottom Terran - Winner!

Build Orders:  

Get SALT Encoding   

  12  0:00  SCV  
  13  0:21  Supply Depot  
  13  0:23  SCV  
  14  0:40  SCV  
  15  0:53  Barracks  
  15  0:57  SCV  
  16  1:03  Refinery  
  16  1:14  SCV  
  17  1:30  Refinery  
  17  1:31  SCV  
  18  1:48  SCV  
  19  2:02  Supply Depot  
  19  2:05  Orbital Command, Marine  
  20  2:21  Factory  
  20  2:41  SCV  
  21  3:07  Command Center  
  21  3:13  SCV  
  22  3:21  Supply Depot  
  22  3:23  Marine  
  23  3:30  Factory Tech Lab  
  23  3:43  Armory  
  23  3:47  SCV  
  24  3:50  Marine  
  25  4:05  Siege Tank  
  25  4:08  SCV  
  29  4:19  Marine  
  30  4:25  SCV  
  30  4:27  Supply Depot  
  31  4:42  SCV  
  31  4:44  Marine  
  33  5:02  Thor  
  33  5:08  SCV  
  41  5:14  Orbital Command  
  41  5:17  Marine  
  41  5:29  Starport  
  41  5:35  SCV  
  42  5:42  Marine  
  43  5:52  SCV x2  
  45  6:02  Supply Depot  
  45  6:07  Marine  
  46  6:10  Thor  
  46  6:17  SCV x2  
  54  6:27  Bunker  
  54  6:32  Marine  
  54  6:34  SCV, Starport Tech Lab  
  54  6:38  Fusion Core  
  56  6:40  SCV  
  57  6:52  SCV  
  57  6:57  Marine, Refinery  
  57  6:59  SCV  
  60  7:02  Refinery  
  60  7:14  SCV  
  60  7:19  Thor  
  67  7:22  Marine  
  68  7:31  SCV  
  69  7:41  Supply Depot  
  69  7:45  Supply Depot  
  69  7:47  Command Center  
  69  7:52  SCV  
  70  8:02  Supply Depot  
  70  8:11  SCV, Marine  
  70  8:15  SCV  
  73  8:23  Battlecruiser  
  79  8:36  Marine  
  79  8:37  Thor  
  86  8:45  SCV x2  
  88  8:59  Supply Depot  
  88  9:00  Supply Depot  
  88  9:01  Marine  
  88  9:05  SCV  
  88  9:06  SCV  
  91  9:22  Supply Depot  
  91  9:23  Supply Depot  
  91  9:26  Marine  
  92  9:33  Orbital Command  
  92  9:34  SCV x2  
  92  9:37  Thor  
  100  9:51  Marine  
  100  9:53  Battlecruiser  
  100  9:54  SCV x2  
  109  10:16  Marine  
  109  10:17  SCV  
  109  10:18  SCV x2  
  113  10:25  Refinery  
  113  10:26  Refinery  
  113  10:34  SCV  
  113  10:35  SCV x2  
  116  10:40  Thor  
  116  10:47  Marine  
  123  10:51  SCV  
  123  10:52  SCV x2  
  123  10:58  Barracks  
  126  11:08  SCV x2  
  126  11:09  SCV  
  129  11:11  Marine  
  129  11:18  Siege Tank  
  130  11:20  Engineering Bay  
  130  11:23  Battlecruiser  
  130  11:26  Supply Depot  
  130  11:29  SCV x3, Supply Depot  
  139  11:36  Marine  
  140  11:46  SCV  
  141  11:56  Thor, SCV  
  148  12:01  Marine  
  148  12:06  SCV  
  148  12:07  SCV  
  151  12:13  SCV  
  151  12:18  Factory  
  152  12:22  Factory  
  152  12:23  SCV  
  152  12:24  SCV  
  152  12:26  Marine  
  155  12:30  SCV  
  156  12:41  SCV  
  156  12:43  Command Center  
  156  12:47  Supply Depot  
  157  12:51  Supply Depot x2  
  157  13:10  Supply Depot  
  157  13:12  Supply Depot  
  157  13:17  Battlecruiser, SCV, Marine  
  165  13:21  Thor, SCV x2  
  173  13:38  SCV x2  
  173  13:39  SCV  
  176  13:42  Marine  
  176  13:43  Factory Tech Lab x2  
  177  13:55  SCV x2  
  177  13:57  SCV  
  177  13:58  Command Center  
  180  14:07  Marine  
  179  14:19  Thor x2  
  176  14:21  Thor  
  176  14:22  SCV x3  
  184  14:32  Marine  
  185  14:42  SCV x4  
  185  14:47  Battlecruiser  
  195  14:52  Barracks Reactor  
  195  14:56  Barracks  
  195  14:57  Marine  
  195  14:58  Barracks  
  196  15:03  Barracks  
  196  15:05  SCV x2  
  196  15:06  SCV x2  
  200  15:41  Siege Tank  
  197  16:45  Battlecruiser  
  197  16:46  Thor x3  
  197  16:48  Marine x5  
  197  16:49  Marine  
  199  16:59  Command Center  
  180  17:07  Command Center  
  162  17:13  Command Center, Marine x4  
  160  17:26  SCV x3  
  157  17:36  Factory  
  139  17:40  Factory  
  139  17:46  Thor x3  
  139  17:48  Planetary Fortress  
  151  17:53  Command Center  
  151  17:58  Command Center  
  151  18:02  Missile Turret  
  151  18:07  Missile Turret  
  151  18:09  Missile Turret  
  151  18:11  Marine x3  
  151  18:12  Marine x3, Missile Turret  
  151  18:15  Battlecruiser  
  163  18:36  Marine x3  
  163  18:37  Marine x2  
  163  18:39  Barracks  
  169  18:43  Barracks  
  169  18:46  Thor x3  
  169  18:48  Widow Mine  
  169  18:49  Widow Mine  
  190  19:01  Marine x3  
  190  19:02  Marine  
  190  19:08  Planetary Fortress  
  194  19:11  Planetary Fortress  
  194  19:16  Marine  
  195  19:26  Marine x2  
  195  19:29  Refinery  
  197  19:30  Refinery  
  197  19:32  Planetary Fortress  
  197  19:33  Refinery x2  
  197  19:40  Planetary Fortress  
  197  19:49  Marine x3  
  200  19:58  Planetary Fortress  
  196  20:25  Thor  
  196  20:27  Marine x3  
  196  20:28  Marine x3  
  199  20:39  Thor  
  125  20:40  Thor  
  187  20:52  Marine x3  
  187  20:53  Marine x3  
  187  20:56  Planetary Fortress  
  193  21:00  Factory Tech Lab  
  193  21:17  Marine x3  
  193  21:18  Marine  
  197  21:22  Factory Tech Lab  
  197  21:28  Marine x2  
  199  21:39  Thor  
  182  21:42  Marine x4  
  169  21:53  Marine x2  
  169  21:57  Thor x3  
  169  21:58  Thor  
  194  22:06  Marine  
  194  22:07  Marine x3, Barracks  
  198  22:18  Marine x2  
  195  22:22  Barracks  
  195  22:26  Barracks  
  195  22:28  Barracks  
  195  22:31  Marine  
  195  22:34  Barracks  
  195  22:36  Barracks  
  195  22:39  Thor  
  183  22:40  Barracks  
  183  22:43  Battlecruiser  
  183  22:44  Unknown  
  188  22:53  Barracks Reactor x2  
  188  23:02  Marine x2  
  187  23:27  Marine x2  
  185  23:33  Thor  
  185  23:34  Thor  
  185  23:35  Marine x3, Barracks Reactor  
  198  23:40  Barracks Reactor  
  198  23:47  Marine x2  
  198  24:01  Marine x2  
  198  24:02  Marine  
  198  24:07  Barracks Reactor  
  198  24:08  Barracks Reactor x5  
  196  24:18  Marine x3  
  198  24:26  Marine  
  199  24:32  Marine  
  199  24:45  Marine  
  194  25:01  Barracks Reactor  
  194  25:19  Command Center  
  188  25:21  Command Center  
  188  25:22  Command Center  
  188  25:24  Command Center  
  188  25:28  Command Center x2  
  188  25:31  Marine x14  
  188  25:32  Command Center, Marine x4  
  188  25:33  Command Center  
  188  25:35  Command Center  
  188  25:38  Command Center  
  200  25:40  Command Center x2  
  200  25:41  Command Center  
  200  25:43  Command Center  
  200  25:49  Marine  
  199  25:50  Marine  
  197  26:24  Marine  
  197  26:25  Marine x5  
  197  26:38  Marine x2  
  197  26:39  Marine x2  
  197  26:46  Unknown  
  195  27:22  Command Center x2  
  195  27:23  Planetary Fortress  
  195  27:24  Planetary Fortress x3  
  195  27:25  Planetary Fortress x3  
  195  27:26  Planetary Fortress x7  
  195  27:32  Command Center  
  194  27:48  Thor  
  194  27:49  Marine x3  
  198  28:13  Missile Turret  
  198  28:15  Missile Turret  
  198  28:17  Missile Turret  
  198  28:19  Missile Turret  
  196  28:22  Missile Turret  
  196  28:23  Missile Turret  
  196  28:24  Missile Turret  
  196  28:29  Missile Turret  
  195  28:30  Missile Turret  
  195  28:31  Marine x5  
  200  28:54  Missile Turret  
  200  29:00  Missile Turret  
  200  29:02  Missile Turret  
  200  29:06  Missile Turret  
  200  29:08  Missile Turret  
  194  29:11  Planetary Fortress, Missile Turret  
  194  29:12  Planetary Fortress  
  194  29:13  Unknown  
  194  29:15  Missile Turret  
  192  29:30  Battlecruiser  
  192  29:31  Marine x2  
  192  29:32  Marine x2  
  197  29:40  Unknown  
  193  29:59  Missile Turret  
  188  30:02  Missile Turret  
  188  30:03  Missile Turret  
  188  30:04  Missile Turret  
  188  30:05  Missile Turret x2  
  188  30:08  Missile Turret x2  
  187  30:10  Missile Turret  
  187  30:11  Command Center, Missile Turret x2  
  187  30:13  Missile Turret  
  187  30:14  Marine, Missile Turret  
  187  30:15  Marine  
  189  30:20  Marine  
  189  30:22  Marine  
  189  30:29  Marine x2  
  190  30:36  Missile Turret  
  189  30:42  Marine x3  
  183  30:58  Missile Turret  
  177  31:04  Missile Turret  
  177  31:07  Marine x2  
  177  31:08  Marine x4  
  177  31:09  Marine x2  
  185  31:11  Missile Turret  
  185  31:12  Marine  
  179  31:55  Planetary Fortress  
  179  32:10  Marine x3  
  179  32:11  Marine x4  
  179  32:12  Marine x4  
  179  32:13  Marine x2  
  179  32:14  Battlecruiser  
  198  33:04  Marine x2  
  198  33:57  Marine x2  
  200  34:07  Missile Turret  
  200  34:08  Missile Turret x2  
  200  34:11  Missile Turret  
  200  34:12  Missile Turret x2  
  200  34:13  Missile Turret  
  200  34:29  Missile Turret x2  
  200  34:34  Missile Turret  
  200  34:36  Missile Turret  
  200  34:39  Missile Turret x3  
  200  34:42  Missile Turret  
  200  34:43  Missile Turret  
  200  34:44  Missile Turret  
  200  34:45  Missile Turret x2  
  200  34:48  Missile Turret  
  200  34:51  Missile Turret  
  200  34:53  Missile Turret x2  
  200  34:55  Missile Turret  
  200  34:57  Missile Turret  
  200  34:58  Missile Turret  
  200  35:00  Missile Turret  
  200  35:01  Missile Turret x2  
  200  35:03  Missile Turret x2  
  200  35:05  Missile Turret x2  
  200  35:06  Missile Turret  
  200  35:07  Missile Turret  
  200  35:11  Missile Turret x2  
  200  35:12  Missile Turret x2  
  200  35:14  Missile Turret  
  200  35:16  Missile Turret  
  200  35:17  Missile Turret x2  
  200  35:18  Missile Turret  
  200  35:20  Missile Turret  
  200  35:24  Missile Turret  
  200  35:25  Missile Turret  
  200  35:27  Missile Turret  
  200  35:32  Missile Turret  
Tags
 
Add a new tag
Caveats
  • Supply blocks, unpowered buildings, or Contaminate may cause inaccurate times.
  • Supply counts are checked every 10 seconds.